 Dungeon Crawl Stone Soup version 0.29.1-1-gd02db6906a (webtiles) character file.

Game seed: 13462825946281233716

590 JohnEldenRing the Grappler (level 7, -1/99 HPs)
             Began as a Troll Berserker on Sept 20, 2022.
             Was a Believer of Trog.
             Slain by a black bear (4 damage)
             ... on level 6 of the Dungeon.
             The game lasted 00:11:04 (1991 turns).

JohnEldenRing the Grappler (Troll Berserker)        Turns: 1991, Time: 00:11:04

Health: -1/99      AC:  4    Str: 28    XL:     7   Next: 16%
Magic:  6/6        EV: 10    Int:  3    God:    Trog [**....]
Gold:   88         SH:  0    Dex:  9    Spells: 6/6 levels left

rFire   . . .      SeeInvis .     - Unarmed
rCold   . . .      Faith    .   (no shield)
rNeg    . . .      Spirit   .   n - +0 robe
rPois   .          Reflect  .   (helmet restricted)
rElec   .          Harm     .   (no cloak)
rCorr   .          Rampage  .   (gloves unavailable)
Will    .....                   (boots unavailable)
Stlth   ..........              d - amulet of regeneration
HPRegen 1.86/turn               (no ring)
MPRegen 0.10/turn               (no ring)

@: berserking (expiring), lethally poisoned (-1 -> -2), very quick
A: large, unfitting armour, claws 3, regeneration 1, shaggy fur 1, tough skin 1
a: Renounce Religion, Berserk, Trog's Hand


You were on level 6 of the Dungeon.
You worshipped Trog.
Trog was pleased with you.
You visited 1 branch of the dungeon, and saw 6 of its levels.

You collected 110 gold pieces.
You spent 22 gold pieces at shops.

Inventory:

Hand Weapons
 h - a +0 arbalest
Missiles
 q - 8 boomerangs (quivered)
Armour
 n - a +0 robe (worn)
Jewellery
 d - an amulet of regeneration (around neck)
 f - a ring of fire
 p - a ring of poison resistance
Wands
 i - a wand of polymorph (5)
Scrolls
 a - a scroll of butterflies {unknown}
 e - a scroll of teleportation
 k - 2 scrolls of poison {unknown}
 s - a scroll of enchant weapon {unknown}
Potions
 b - a potion of attraction {unknown}
 c - a potion of flight {unknown}
 j - 2 potions of magic
 l - a potion of lignification {unknown}
 m - a potion of degeneration {unknown}
 o - a potion of might {unknown}
 t - a potion of heal wounds
 u - 2 potions of brilliance {unknown}


   Skills:
 + Level 2.7 Fighting
 - Level 2.7 Dodging
 - Level 8.0 Unarmed Combat


You had 6 spell levels left.
You didn't know any spells.
Your spell library was empty.

Dungeon Overview and Level Annotations

Branches:
Dungeon (6/15)             Temple (0/1) D:4

Altars:
Wu Jian

Shops:
D:6 ?


Innate Abilities, Weirdness & Mutations

You are too large for most types of armour.
You have claws for hands.
Your natural rate of healing is unusually fast.
You are covered in fur. (AC +1)
You have tough skin. (AC +1)


Message History

You feel yourself moving faster!
You feel mighty!
You feel very sick. The water moccasin bites you!
* * * LOW HITPOINT WARNING * * *
The black bear bites you.
* * * LOW HITPOINT WARNING * * *
The black bear claws you.
* * * LOW HITPOINT WARNING * * *
The black bear claws you but does no damage.
The black bear closely misses you.
The black bear claws you but does no damage.
The black bear completely misses you. The water moccasin bites you!
* * * LOW HITPOINT WARNING * * *
You feel a strong urge to attack something.
You feel sick.
The water moccasin bites you but does no damage.
You claw the water moccasin!
You kill the water moccasin!
Trog accepts your kill.
You feel sick.
Your Unarmed Combat skill increases to level 8!
You have reached level 7!
You claw the black bear!
The black bear is heavily wounded.
You feel sick. The black bear bites you.
* * * LOW HITPOINT WARNING * * *
The black bear barely misses you. The black bear claws you.
* * * LOW HITPOINT WARNING * * *
The black bear bites you but does no damage.
The black bear claws you but does no damage.
The black bear claws you.
* * * LOW HITPOINT WARNING * * *
You barely miss the black bear. You claw the black bear.
The black bear is severely wounded.
You feel sick.
Unknown command.
You claw the black bear!
The black bear is almost dead.
The black bear bites you.
You die...

#..#.......#.....(
#...#.#...#.......
##..#.........#...#
##.............#...#
##...............).## ##
#................)...
##..#................)...
#......h.................
.....#.h@###.............
... #..## #.............
. .....# ..............
.......# .............#
=........ .............#
......... ........##...
#........ .....# ##.#
....#..... .##.. #.. ###.
###..


You could see 2 black bears.

Vanquished Creatures
  A water moccasin (D:6)
  Duvessa (D:4)
  A black bear (D:5)
  Dowan (D:4)
  2 hounds (D:5)
  3 orc priests
  An orc wizard (D:5)
  2 adders (D:2)
  A worm (D:2)
  3 dart slugs
  9 orcs
  2 bats
  2 endoplasms (D:1)
  A giant cockroach (D:1)
  4 goblins
  3 hobgoblins
  2 kobolds
  A quokka (D:3)
  4 ball pythons
  3 frilled lizards (D:1)
  4 rats
51 creatures vanquished.

Vanquished Creatures (others)
  2 plants (D:4)
2 creatures vanquished.

Grand Total: 53 creatures vanquished

Notes
Turn   | Place    | Note
-------+----------+-------------------------------------------
     0 | D:1      | JohnEldenRing the Troll Berserker began the quest for the
                  | Orb.
     0 | D:1      | Reached XP level 1. HP: 22/22 MP: 0/0
    87 | D:1      | Reached XP level 2. HP: 29/29 MP: 1/1
   809 | D:2      | Found an ornate altar of the Wu Jian Council.
   987 | D:2      | Reached XP level 3. HP: 34/36 MP: 2/2
  1054 | D:2      | Reached skill level 4 in Unarmed Combat
  1257 | D:3      | Reached ** piety under Trog
  1258 | D:3      | Reached XP level 4. HP: 44/44 MP: 3/3
  1533 | D:4      | Found a staircase to the Ecumenical Temple.
  1586 | D:4      | Noticed Dowan
  1588 | D:4      | Noticed Duvessa
  1594 | D:4      | Killed Duvessa
  1595 | D:4      | Reached skill level 5 in Unarmed Combat
  1595 | D:4      | Reached XP level 5. HP: 50/50 MP: 4/4
  1598 | D:4      | Killed Dowan
  1599 | D:4      | Reached skill level 6 in Unarmed Combat
  1652 | D:5      | Entered Level 5 of the Dungeon
  1656 | D:5      | Noticed a black bear
  1662 | D:5      | Reached XP level 6. HP: 59/59 MP: 5/5
  1678 | D:5      | Reached skill level 7 in Unarmed Combat
  1817 | D:6      | Found Peatsilu's Magic Scroll Boutique.
  1876 | D:6      | Bought a scroll of identify for 22 gold pieces
  1969 | D:6      | Noticed a water moccasin
  1988 | D:6      | Killed a water moccasin
  1989 | D:6      | Reached skill level 8 in Unarmed Combat
  1989 | D:6      | Reached XP level 7. HP: 9/66 MP: 6/6
  1989 | D:6      | HP: 4/99 [black bear (3)]
  1991 | D:6      | Slain by a black bear

Illustrated notes

Levels and vault maps discovered:
D:1:      lightli_arrival_lavapool, layout_basic, feat_on_display
D:2:      layout_loops_ring, basic_altar, dk_noncrumbling_2
D:3:      wander_river, layout_loops_ring
D:4:      kennysheep_big_flooded_room, layout_loops_ring,
          minmay_temple_entry_overgrown,
          hangedman_abyss_or_decor_jellyfish_corner, uniq_duvessa
D:5:      layout_rooms
D:6:      layout_cave_pools, serial_shops, nicolae_shop_statue_plus,
          st_stairs_14, minmay_ruined_shrine

Skill      XL: |  1  2  3  4  5  6 |
---------------+-------------------+-----
Unarmed Combat | 4 5 6 8 |  8.0
Fighting       | |  2.7
Dodging        | |  2.7

Action                   |  1- 3 |  4- 6 |  7- 9 || total
-------------------------+-------+-------+-------++-------
Melee: Unarmed           |    62 |    64 |     3 ||   129
       Punch             |       |     2 |     1 ||     3
Invok: Berserk           |       |     3 |       ||     3
  Use: Scroll            |       |     3 |       ||     3
       Potion            |       |     3 |       ||     3
Armor: Animal skin       |    14 |       |       ||    14
       Robe              |     3 |    33 |     2 ||    38
Dodge: Dodged            |    27 |    57 |     1 ||    85
